 Dungeon Crawl Stone Soup version 0.27-a0-1590-g15f69828bf (webtiles) character file.

Game seed: 9198571629403981496

67 Demosthentine the Poker (level 4, -1/34 (35) HPs)
             Began as a Merfolk Gladiator on July 18, 2021.
             Slain by Crazy Yiuf (5 damage)
             ... on level 2 of the Dungeon.
             The game lasted 00:01:02 (2339 turns).

Demosthentine the Poker (Merfolk Gladiator)         Turns: 2339, Time: 00:01:02

HP:   -1/34 (35)    AC:  4    Str: 15    XL:     4   Next: 16%
MP:   4/4           EV: 13    Int:  7    God:
Gold: 69            SH:  0    Dex: 15    Spells: 3/3 levels left

rFire    . . .     SeeInvis .   a - +0 trident
rCold    + . .     Faith    .   (no shield)
rNeg     . . .     Spirit   .   b - +0 leather armour
rPois    .         Reflect  .   c - +0 helmet
rElec    .         Harm     .   (no cloak)
rCorr    .         Rampage  .   (no gloves)
Will     .....                  (no boots)
Stlth    +.........             (no amulet)
HPRegen  0.11/turn              j - ring of protection from cold
MPRegen  0.09/turn              (no ring)

@: lethally poisoned (-1 -> -13), lightly drained
A: (nimble swimmer 2), mertail
a: no special abilities


You were on level 2 of the Dungeon.
You visited 1 branch of the dungeon, and saw 2 of its levels.

You collected 69 gold pieces.

Inventory:

Hand Weapons
 a - a +0 trident (weapon)
Missiles
 d - a throwing net (quivered)
Armour
 b - a +0 leather armour (worn)
 c - a +0 helmet (worn)
Jewellery
 j - a ring of protection from cold (left hand)
Scrolls
 f - a scroll of magic mapping {unknown}
 h - a scroll of identify
 i - a scroll of fog {unknown}
Potions
 e - a potion of heal wounds
 g - a potion of mutation {unknown}


   Skills:
 + Level 3.0 Fighting
 + Level 5.2 Polearms
 - Level 2.0 Throwing
 + Level 1.1 Armour
 + Level 4.7 Dodging


You had 3 spell levels left.
You didn't know any spells.
Your spell library contained the following spells:

 Spells                   Type           Power      Damage    Failure   Level
 Sandblast                Erth           0%         2d4       50%         1
 Shock                    Conj/Air       0%         1d3       50%         1
 Passwall                 Tmut/Erth      0%         N/A       65%         2
 Swiftness                Air            0%         N/A       86%         3
 Airstrike                Air            0%         N/A       99%         4
 Lee's Rapid Deconstruct  Erth           0%         3d5*      100%        5


Dungeon Overview and Level Annotations

Branches:
Dungeon (2/15)

Altars:
Kikubaaqudgha

Annotations:
D:2 Crazy Yiuf


Innate Abilities, Weirdness & Mutations

((You are quick and stealthy near water. (Stealth+, EV+, Speed+++)))
Your lower body shifts to a powerful aquatic tail in water.


Message History

No target in view!
No target in view!
Key pressed, stopping explore.
No target in view!
No target in view!
You see here a +0 mace.
You see here a +0 mace.
Crazy Yiuf shouts!
Crazy Yiuf says, "Earwax turtle poople!"
Failed to move towards target.
Could not explore, unopened runed door.
Failed to move towards target.
Could not explore, unopened runed door.
Failed to move towards target.
Could not explore, unopened runed door.
Failed to move towards target.
Failed to move towards target.
Could not explore, unopened runed door.
You open the door.
Throw: 3 throwing nets
Press: ? - help, Q - select action Shift-Dir - straight line, f - Crazy Yiuf
Aim: Crazy Yiuf, wielding a +2 quarterstaff of chaos and wearing a +0 cloak (64% to hit)
You throw a throwing net.
The throwing net barely misses Crazy Yiuf.
Crazy Yiuf completely misses you.
You hit Crazy Yiuf.
Crazy Yiuf is lightly wounded.
Crazy Yiuf says, "Cards Xom ladder!"
Crazy Yiuf hits you with a +2 quarterstaff of chaos!
You are poisoned.
Throw: 2 throwing nets
Press: ? - help, Q - select action Shift-Dir - straight line, f/p - Crazy Yiuf
Aim: Crazy Yiuf, wielding a +2 quarterstaff of chaos and wearing a +0 cloak (lightly wounded, 64% to hit)
You throw a throwing net.
The throwing net closely misses Crazy Yiuf.
You feel very sick.
Crazy Yiuf hits you with a +2 quarterstaff of chaos!
* * * LOW HITPOINT WARNING * * *
You feel drained.
You die...

##########
.(.......#
♣♣♣♣♣##
###......# ###
♣♣♣.♣.♣.###
#.._..##
#...#♣..♣.)...)##
#......#
#(..g@♣♣♣♣.)....#
#.....## #)..#♣♣
♣♣).#).# ####..#
### ♣♣###.# ##
#..# #.# .# #..#
##.# .# #..# ####
#..# .#####..#
#..########.##
......).#
#...........#
.#####..#
#..##########


You could see Crazy Yiuf.

Vanquished Creatures
  An adder (D:2)
  A worm (D:2)
  A dart slug (D:1)
  2 ball pythons (D:1)
  3 endoplasms (D:1)
  4 giant cockroaches
  2 goblins (D:2)
  7 hobgoblins
  5 jackals
  8 kobolds
  3 quokkas
  3 bats
  3 frilled lizards (D:1)
  4 rats
47 creatures vanquished.

Notes
Turn   | Place    | Note
-------+----------+-------------------------------------------
     0 | D:1      | Demosthentine the Merfolk Gladiator began the quest for the
                  | Orb.
     0 | D:1      | Reached XP level 1. HP: 16/16 MP: 1/1
   229 | D:1      | Reached XP level 2. HP: 19/23 MP: 2/2
   604 | D:1      | Reached XP level 3. HP: 26/28 MP: 3/3
   662 | D:1      | Found a faded altar of an unknown god.
  1189 | D:2      | Reached skill level 5 in Polearms
  1464 | D:2      | Found an ancient bone altar of Kikubaaqudgha.
  1505 | D:2      | Reached skill level 1 in Armour
  1560 | D:2      | Found a runed translucent door.
  1561 | D:2      | Noticed Crazy Yiuf
  1746 | D:2      | Reached XP level 4. HP: 23/35 MP: 4/4
  2339 | D:2      | Slain by Crazy Yiuf

Illustrated notes

Levels and vault maps discovered:
D:1:      heliophobic_arrival_battle_scene, layout_basic,
          shapermc_ecumenical_altar_totnotflames, minmay_tetromino_t2
D:2:      layout_loops_ring, basic_altar, minmay_misc_feat_nine_boxes,
          patterned_corridor, uniq_crazy_yiuf_cottage

Skill      XL: |  1  2  3 |
---------------+----------+-----
Polearms       | 5 |  5.2
Armour         | 1 |  1.1
Fighting       | 3 |  3.0
Throwing       | |  2.0
Dodging        | |  4.7

Action                   |  1- 3 |  4- 6 || total
-------------------------+-------+-------++-------
Melee: Trident           |   135 |    14 ||   149
Throw: Throwing net      |       |     2 ||     2
  Use: Scroll            |     4 |       ||     4
 Stab: Sleeping          |     7 |     1 ||     8
Armor: Leather armour    |    28 |     1 ||    29
Dodge: Dodged            |    69 |     9 ||    78

Table legend: (Time is in decaauts)
 A = Elapsed time spent in this place.
 B = Non-inter-level travel time spent in this place.
 C = Inter-level travel time spent in this place.
 D = Time resting spent in this place.
 E = Time spent auto-exploring this place.
 F = Levels seen in this place.
 G = Mean time per level.
                   A        B        C        D        E       F      G
               +--------+--------+--------+--------+--------+-----+--------+
         Total |   2346 |   2346 |      0 |      0 |   2065 |   2 | 1173.0 |
       Dungeon |   2346 |   2346 |      0 |      0 |   2065 |   2 | 1173.0 |
               +--------+--------+--------+--------+--------+-----+--------+

Top non-repeatable levels by time:
     D:2: 1182 daAuts
     D:1: 1164 daAuts
